 Dungeon Crawl Stone Soup version 0.28.0-53-g5a82cb258f (webtiles) character file.

Game seed: 4128011818479031696

1155 DocClef the Spear-Bearer (level 8, -1/58 HPs)
             Began as a Merfolk Gladiator on June 29, 2022.
             Shot with a stone by a human (2 damage)
             ... on level 6 of the Dungeon.
             The game lasted 00:04:41 (5769 turns).

DocClef the Spear-Bearer (Merfolk Gladiator)        Turns: 5769, Time: 00:04:41

Health: -1/58      AC:  5    Str: 17    XL:     8   Next: 39%
Magic:  8/8        EV: 13    Int:  7    God:
Gold:   126        SH:  0    Dex: 15    Spells: 7/7 levels left

rFire   . . .      SeeInvis .   q - +0 trident (freeze)
rCold   . . .      Faith    .   (no shield)
rNeg    . . .      Spirit   .   b - +0 leather armour
rPois   .          Reflect  .   c - +0 helmet
rElec   .          Harm     .   i - +0 cloak
rCorr   .          Rampage  .   (no gloves)
Will    .....                   (no boots)
Stlth   +.........              (no amulet)
HPRegen 0.19/turn               (no ring)
MPRegen 0.11/turn               (no ring)

@: no status effects
A: (nimble swimmer 2), mertail
a: no special abilities


You were on level 6 of the Dungeon.
You visited 1 branch of the dungeon, and saw 6 of its levels.

You collected 126 gold pieces.

Inventory:

Hand Weapons
 a - a +0 trident
 q - a +0 trident of freezing (weapon)
Missiles
 d - 3 throwing nets (quivered)
Armour
 b - a +0 leather armour (worn)
 c - a +0 helmet (worn)
 i - a +0 cloak (worn)
Jewellery
 n - a ring of wizardry
Wands
 p - a wand of digging (3)
 x - a wand of polymorph (20)
 y - a wand of charming (6)
Scrolls
 g - 3 scrolls of identify {unknown}
 h - 2 scrolls of immolation {unknown}
 m - a scroll of enchant weapon {unknown}
 o - a scroll of magic mapping {unknown}
 s - a scroll of brand weapon {unknown}
 u - a scroll of amnesia {unknown}
 v - a scroll of enchant armour {unknown}
 w - a scroll of teleportation {unknown}
Potions
 e - a potion of mutation {unknown}
 f - 2 potions of might
 j - 2 potions of magic
 k - 4 potions of curing {unknown}
 l - 2 potions of heal wounds {unknown}
 r - 2 potions of lignification {unknown}
 t - 2 potions of attraction {unknown}


   Skills:
 + Level 3.0 Fighting
 - Level 14.0 Polearms
 - Level 2.0 Throwing
 - Level 4.0 Dodging


You had 7 spell levels left.
You didn't know any spells.
Your spell library contained the following spells:

 Spells                   Type           Power      Damage    Failure   Level
 Ozocubu's Armour         Ice            0%         N/A       86%         3
 Ozocubu's Refrigeration  Ice            0%         4d5       100%        7


Dungeon Overview and Level Annotations

Branches:
Dungeon (6/15)
 Temple: D:4-7

Altars:

Shops:
D:3 !

Annotations:
D:6 1 runed translucent door, rabbi's ghost, novice MiFi


Innate Abilities, Weirdness & Mutations

((You are very nimble when in or above water. (Stealth+, EV+, Speed+++)))
Your lower body shifts to a powerful aquatic tail in water.


Message History

You feel a little less mighty now.
You hear some strange, mumbled words.
Something tries to affect you, but you resist.
You hear some strange, mumbled words.
You are confused.
You closely miss something. Something hits you.
You're too confused to move!
You hear some strange, mumbled words.
Something tries to affect you, but you resist.
Something hits you but does no damage.
You barely miss something. You punch something. Something hits you.
You closely miss something. You barely miss something.
You hear some strange, mumbled words.
A puff of flame appears from out of thin air!
The puff of flame hits you!
The human shouts!
You hear some strange, mumbled words.
Something tries to affect you, but you resist.
You feel less confused.
The human shouts!
The human shoots a stone.
The stone hits you! Something hits you.
The human shoots a stone.
The stone hits you.
You miss something. Something hits you.
The human shoots a stone.
The stone hits you. Something hits you but does no damage.
The human shoots a stone.
The stone hits you!
* * * LOW HITPOINT WARNING * * *
Something hits you.
* * * LOW HITPOINT WARNING * * *
The human shoots a stone.
The stone barely misses you.
The human shoots a stone.
The stone misses you. Something hits you.
* * * LOW HITPOINT WARNING * * *
There is a stone staircase leading up here.
The human shoots a stone.
The stone hits you but does no damage.
You can't go up here!
The human shoots a stone.
The stone hits you!
* * * LOW HITPOINT WARNING * * *
The human shoots a stone.
The stone hits you.
You die...

##.#########.##
##.........#...# ##
##(....#........#####.##
......##..#.###........#
.....##...........#...##
####.##...#............#
# #.......#.....##.....#
###...#...............##
......#.#.......@......#
##......#.........##.###
##......#..#..........
#....#....##.....#....#
##.###....#...>..#....#
.........p..............
..####..<.............##
#..#.#................#
##....p...###........


You could see a human.

Vanquished Creatures
  Sigmund (D:5)
  A water moccasin (D:5)
  A necrophage (D:5)
  A kobold brigand (D:6)
  A bullfrog (D:6)
  A water moccasin zombie (D:5)
  3 scorpions (D:5)
  A wyvern skeleton (D:6)
  An orc priest (D:5)
  2 hounds (D:6)
  2 jellies
  An iguana (D:5)
  A hound skeleton (D:4)
  A howler monkey zombie (D:5)
  7 adders
  A howler monkey skeleton (D:5)
  A white imp (D:6)
  An ufetubus (D:6)
  3 worms
  2 dart slugs
  13 orcs
  9 endoplasms
  2 giant cockroaches
  4 goblins
  10 hobgoblins
  3 jackals (D:1)
  7 kobolds
  4 quokkas
  6 ball pythons
  6 bats
  5 frilled lizards
  2 rats (D:1)
104 creatures vanquished.

Notes
Turn   | Place    | Note
-------+----------+-------------------------------------------
     0 | D:1      | DocClef the Merfolk Gladiator began the quest for the Orb.
     0 | D:1      | Reached XP level 1. HP: 16/16 MP: 1/1
   116 | D:1      | Reached skill level 5 in Polearms
   175 | D:1      | Reached XP level 2. HP: 22/22 MP: 2/2
   794 | D:1      | Reached skill level 6 in Polearms
   794 | D:1      | Reached XP level 3. HP: 26/27 MP: 3/3
   894 | D:1      | Found a faded altar of an unknown god.
  1763 | D:2      | Reached XP level 4. HP: 33/33 MP: 4/4
  1765 | D:2      | Reached skill level 7 in Polearms
  2446 | D:3      | Found Qudaj's Distillery.
  3091 | D:4      | Reached skill level 8 in Polearms
  3091 | D:4      | Reached XP level 5. HP: 10/38 MP: 5/5
  3942 | D:5      | Entered Level 5 of the Dungeon
  3944 | D:5      | Noticed a centaur
  3947 | D:5      | Reached skill level 9 in Polearms
  3952 | D:5      | Reached XP level 6. HP: 44/44 MP: 6/6
  3955 | D:5      | Reached skill level 10 in Polearms
  4343 | D:5      | Noticed a necrophage
  4343 | D:5      | You fall into a shaft and drop 1 floor!
  4463 | D:6      | Reached skill level 11 in Polearms
  4463 | D:6      | Reached XP level 7. HP: 5/50 MP: 7/7
  4760 | D:6      | Noticed rabbi's ghost (novice MiFi)
  4768 | D:5      | Noticed Sigmund
  4976 | D:6      | Found a runed translucent door.
  5432 | D:6      | Noticed a human
  5432 | D:6      | Noticed a human
  5433 | D:6      | Noticed a human
  5463 | D:5      | Reached skill level 12 in Polearms
  5554 | D:5      | Reached skill level 13 in Polearms
  5554 | D:5      | Reached XP level 8. HP: 35/56 MP: 8/8
  5685 | D:5      | Killed Sigmund
  5706 | D:5      | Reached skill level 14 in Polearms
  5768 | D:6      | HP: 1/58 [human/stone (7)]
  5769 | D:6      | Shot with a stone by a human

Illustrated notes

Levels and vault maps discovered:
D:1:      eino_arrival_cavern_a, layout_loops_corners,
          ebering_ecumenical_altar_ruins, palyth_stone_intersect,
          minmay_surrounded
D:2:      layout_loops_corners
D:3:      layout_basic, serial_shops, nicolae_square_shop,
          chequers_serial_rivers_marsh, corexii_leaking_fountain,
          chequers_serial_rivers_room_a
D:4:      layout_loops_cross
D:5:      layout_cave_pools, water_maze_lemuel, uniq_sigmund
D:6:      layout_cave_pools, temple_green, hellmonk_ghost_happy_afterlife,
          minmay_misc_feat_rows, minmay_ruffians

Skill      XL: |  1  2  3  4  5  6  7  8 |
---------------+-------------------------+-----
Polearms       | 5 6 8 9 11 13 14 | 14.0
Fighting       | 3 |  3.0
Throwing       | |  2.0
Dodging        | |  4.0

Action                   |  1- 3 |  4- 6 |  7- 9 || total
-------------------------+-------+-------+-------++-------
Melee: Trident           |   131 |   134 |    93 ||   358
       Punch             |     2 |     1 |     2 ||     5
  Use: Potion            |       |     3 |     1 ||     4
 Stab: Sleeping          |     2 |     3 |     1 ||     6
       Distracted        |       |     1 |       ||     1
Armor: Leather armour    |    38 |    22 |     7 ||    67
Dodge: Dodged            |    71 |    80 |    42 ||   193
